 Dungeon Crawl Stone Soup version 0.23.2-30-g0e89c35649 (webtiles) character file.

Game seed: 95586381255947958

46 doot the Caller (level 3, -5/19 HPs)
             Began as a Tengu Summoner on June 17, 2019.
             Slain by Natasha (7 damage)
             ... on level 2 of the Dungeon.
             The game lasted 00:02:43 (2050 turns).

doot the Caller (Tengu Summoner)                    Turns: 2050, Time: 00:02:44

Health: -5/19      AC:  2    Str:  8    XL:     3   Next: 66%
Magic:  7/7        EV: 13    Int: 16    God:
Gold:   45         SH:  0    Dex: 14    Spells: 0/6 levels left

rFire    . . .     SeeInvis .   s - +0 whip
rCold    . . .     Gourm    .   (no shield)
rNeg     . . .     Faith    .   a - +0 robe
rPois    .         Spirit   .   (helmet restricted)
rElec    .         Reflect  .   (no cloak)
rCorr    .         Harm     .   (no gloves)
MR       .....                  (boots unavailable)
Stlth    ++........             (no amulet)
HPRegen  0.06/turn              (no ring)
MPRegen  0.10/turn              (no ring)

@: slowed, very slow
A: beak, talons 3
a: no special abilities


You were on level 2 of the Dungeon.
You were hungry.

You visited 1 branch of the dungeon, and saw 2 of its levels.

You collected 45 gold pieces.

Inventory:

Hand Weapons
 j - a +0 dagger
 s - a +0 whip (weapon)
Armour
 a - a +0 robe (worn)
Scrolls
 b - a scroll of remove curse {unknown}
 f - a scroll of magic mapping {unknown}
 g - a scroll of noise {unknown}
 i - a scroll of fear {unknown}
 k - a scroll of blinking {unknown}
 l - a scroll of identify {unknown}
 o - a scroll of enchant weapon {unknown}
 q - a scroll of teleportation {unknown}
Potions
 d - a potion of heal wounds {unknown}
 e - a potion of flight {unknown}
 h - a potion of cancellation {unknown}
 m - a potion of curing {unknown}
 n - 2 potions of agility {unknown}
 r - a potion of invisibility {unknown}
Comestibles
 c - 2 rations


   Skills:
 + Level 2.5 Dodging
 + Level 2.2 Stealth
 - Level 0.1 Unarmed Combat
 + Level 2.1 Spellcasting
 + Level 5.9 Summonings


You couldn't memorise any spells.
You knew the following spells:

 Your Spells              Type           Power        Failure   Level  Hunger
a - Summon Small Mammal   Summ           ###.         1%          1    #......
b - Call Imp              Summ           ###.....     2%          2    ###....
c - Call Canine Familiar  Summ           ###.....     5%          3    ###....

Your spell library contained the following spells:

 Spells                   Type           Power        Failure   Level  Hunger
 Summon Guardian Golem    Hex/Summ       ##......     19%         3    ###....
 Summon Ice Beast         Ice/Summ       ##......     52%         4    #####..
 Summon Lightning Spire   Summ/Air       ##......     52%         4    #####..


Dungeon Overview and Level Annotations

Branches:
Dungeon (2/15)

Altars:

Annotations:
D:2 Natasha


Innate Abilities, Weirdness & Mutations

You have a beak for a mouth.
You have claws for feet.


Message History

A rat is nearby!
A rat is nearby!
A rat is nearby!
The rat twitches its whiskers.
Found a scroll labeled FAPNOE IMUNN.
Natasha, Servant of Life and Death comes into view.
Natasha hisses angrily.
The rat bites you. Natasha casts a spell at you.
You feel yourself slow down.
You hit the rat.
You kill the rat!
Natasha casts a spell at you. The magic dart hits you!
Natasha wildly gestures.
Natasha's front paws start to glow.
Natasha closely misses you. Natasha claws you!
* * * LOW HITPOINT WARNING * * *
You hit Natasha but do no damage. Natasha claws you!
You die...

########## ##.## ##
.........# ##...## ##.
.........#####...<.###.#
######.............#.##
... #..###.......#....
#?##..###......#...#.
#..(..........#.#....
..##.h.........#.....†)
.....#@.#####.#.#.####.
#####...# #.###.# #.
......#.# #.# #.####.
#####...# #.# #..S...
....# #.# ######. ....##
#.# #. ##### #.# #. #.#
## #.#


You could see Natasha.

Vanquished Creatures
  An adder (D:2)
  A leopard gecko (D:1)
  3 giant cockroaches (D:1)
  2 goblins (D:1)
  3 hobgoblins (D:1)
  A jackal (D:1)
  4 kobolds
  2 ball pythons (D:1)
  4 bats
  2 frilled lizards (D:1)
  8 rats
31 creatures vanquished.

Vanquished Creatures (collateral kills)
  An adder (D:2)
1 creature vanquished.

Grand Total: 32 creatures vanquished

Notes
Turn   | Place    | Note
-------+----------+-------------------------------------------
     0 | D:1      | doot the Tengu Summoner began the quest for the Orb.
     0 | D:1      | Reached XP level 1. HP: 10/10 MP: 4/4
   108 | D:1      | Reached skill level 5 in Summonings
   258 | D:1      | Reached XP level 2. HP: 7/15 MP: 6/6
   419 | D:1      | Learned a level 2 spell: Call Imp
  1222 | D:1      | Reached XP level 3. HP: 15/19 MP: 7/7
  1247 | D:1      | Learned a level 3 spell: Call Canine Familiar
  2045 | D:2      | Noticed Natasha
  2050 | D:2      | Slain by Natasha

Skill      XL: |  1 |
---------------+----+-----
Summonings     | 5 |  5.9
Dodging        | |  2.5
Stealth        | |  2.2
Unarmed Combat | |  0.1
Spellcasting   | |  2.1

Action                   || total
-------------------------++-------
Melee: Unarmed           ||    49
       Kick              ||    19
       Peck              ||    13
       Dagger            ||    34
       Punch             ||     1
       Whip              ||     2
 Cast: Summon Small Mamm ||     2
       Call Imp          ||     1
       Call Canine Famil ||     1
 Stab: Sleeping          ||     4
  Eat: Chunk             ||     3
Armor: Robe              ||    20
Dodge: Dodged            ||    53
